 Dungeon Crawl Stone Soup version 0.31.0-11-ge490571c62 (webtiles) character file.

Game seed: 16276577683640024523

165126 ragingrage the Prestidigitator (level 17, -9/119 HPs)
             Began as an Octopode Hunter on Feb 3, 2024.
             Was an Initiate of Gozag.
             Shot with an arrow by a satyr (38 damage)
             ... on level 4 of the Shoals on Feb 4, 2024.
             The game lasted 01:16:36 (39378 turns).

ragingrage the Prestidigitator (Octopode Hunter)   Turns: 39378, Time: 01:16:36

Health: -9/119     AC:  7    Str: 25    XL:     17   Next: 87%
Magic:  6/24       EV: 28    Int: 29    God:    Gozag
Gold:   4781       SH:  8    Dex: 28    Spells: 5/26 levels left

rFire   . . .        b - +7 demon blade (pain)
rCold   . . .        i - +2 buckler
rNeg    . . .        N - +2 hat
rPois   .            V - amulet of the Inquisitive Tales {Regen+ Str+4}
rElec   .            o - +4 ring of protection
rCorr   .            E - ring of see invisible
SInv    +            U - ring of Fusuifri {Str+4 Int+6}
Will    +....        L - +4 ring of slaying
Stlth   ++++         Z - ring "Vitockir" {+Blink Fly EV+5 Int+5}
HPRegen 1.19/turn    A - +6 ring of strength
MPRegen 0.19/turn    G - +6 ring of dexterity
                     Q - +6 ring of intelligence

%: no passive effects
@: maw-form, flying, studying 3 skills
A: devouring maw, almost no armour, amphibious, 8 rings, camouflage 1,
gelatinous body 1, (nimble swimmer 1), tentacles
a: Begin Untransformation, Renounce Religion, Evoke Blink, Potion Petition, Call
Merchant, Bribe Branch


You were on level 4 of the Shoals.
You worshipped Gozag.
Gozag was most pleased with you.
You were a creature with a mouth for a stomach.
You visited 5 branches of the dungeon, and saw 27 of its levels.
You visited 1 bazaar.
You also visited: Ossuary, Gauntlet and Volcano.

You collected 9384 gold pieces.
You spent 3299 gold pieces at shops.
You paid 1304 gold pieces to Gozag.

Inventory:

Hand Weapons
 a - the +10 lance "Wyrmbane" {slay drac, rPois rF+ rC+ AC+3}
   (You found it on level 15 of the Dungeon)

   AC+3:      It affects your AC (+3).
   rF+:       It protects you from fire.
   rC+:       It protects you from cold.
   rPois:     It protects you from poison
 b - a +7 demon blade of pain (weapon)
Missiles
 f - 4 throwing nets
 y - 7 curare-tipped darts
Armour
 i - a +2 buckler (worn)
 N - a +2 hat (worn)
Jewellery
 o - a +4 ring of protection (left tentacle)
 A - a +6 ring of strength (on tentacle)
 E - a ring of see invisible (right tentacle)
 G - a +6 ring of dexterity (on tentacle)
 H - a ring of ice
 J - the ring "Hunaci" {Fire rN+}
   (You found it in a Gauntlet)

   [ring of fire]

   Fire:      It enhances your fire magic.
   rF+:       It protects you from fire.
   rC-:       It makes you vulnerable to cold.
   rN+:       It protects you from negative energy.
 L - a +4 ring of slaying (on tentacle)
 Q - a +6 ring of intelligence (on tentacle)
 U - the ring of Fusuifri (on tentacle) {Str+4 Int+6}
   (You found it in a Gauntlet)

   [ring of intelligence]

   Str+4:     It affects your strength (+4).
   Int+6:     It affects your intelligence (+6).
 V - the amulet of the Inquisitive Tales (around mantle) {Regen+ Str+4}
   (You took it off a minotaur in a Gauntlet)

   [amulet of regeneration]

   Str+4:     It affects your strength (+4).
   Regen+:    It increases your rate of health regeneration.
 Z - the ring "Vitockir" (on tentacle) {+Blink Fly EV+5 Int+5}
   (You found it on level 5 of the Lair of Beasts)

   [ring of evasion]

   EV+5:      It affects your evasion (+5).
   Int+5:     It affects your intelligence (+5).
   Fly:       It grants you flight.
   +Blink:    It lets you blink.
Talismans
 T - a maw talisman (active)
Wands
 r - a wand of flame (58)
 D - a wand of quicksilver (31)
 K - a wand of paralysis (11)
 M - a wand of roots (22)
 R - a wand of mindburst (3)
 X - a wand of digging (6)
 Y - a wand of polymorph (14)
Scrolls
 d - 3 scrolls of revelation
 e - a scroll of fear
 g - 6 scrolls of teleportation
 m - 2 scrolls of blinking
 q - 2 scrolls of butterflies
 s - a scroll of vulnerability
 u - 8 scrolls of immolation
 v - 2 scrolls of fog
 w - 4 scrolls of noise
 z - a scroll of silence
 F - a scroll of poison
Potions
 h - 3 potions of resistance
 j - 5 potions of mutation
 k - 6 potions of cancellation
 l - 3 potions of might
 n - 4 potions of berserk rage
 p - 8 potions of attraction
 t - 3 potions of invisibility
 x - 11 potions of curing
 B - 4 potions of lignification
 C - 2 potions of enlightenment
 I - 3 potions of magic
 O - 4 potions of heal wounds
 P - 7 potions of brilliance
 S - 10 potions of haste
 W - 10 potions of ambrosia
Miscellaneous
 c - a lightning rod (4/4)


   Skills:
 - Level 12.0 Fighting
 - Level 10.0(12.7) Short Blades
 - Level 12.6(14.0) Long Blades
 + Level 11.5 Polearms
 - Level 8.0 Ranged Weapons
 - Level 10.0 Dodging
 - Level 4.0 Stealth
 + Level 1.2 Shields
 - Level 5.0 Spellcasting
 - Level 10.0 Hexes
 - Level 13.0 Necromancy
 - Level 7.0 Translocations
 - Level 3.0 Ice Magic
 - Level 5.0 Earth Magic
 + Level 13.8 Evocations
 - Level 10.0 Shapeshifting


You had 5 spell levels left.
You knew the following spells:

 Your Spells              Type           Power      Damage    Failure   Level
a - Death Channel         Necr           35%        N/A       5%          6
b - Ensorcelled Hibernat  Hex/Ice        88%        N/A       1%          2
c - Swiftness             Air            7%         N/A       22%         3
d - Passwall              Erth           36%        N/A       2%          3
e - Manifold Assault      Tloc           47%        N/A       4%          4
f - Confusing Touch       Hex            60%        N/A       1%          3

Your spell library contained the following spells:

 Spells                   Type           Power      Damage    Failure   Level
 Slow                     Hex            100%       N/A       1%          1
 Sigil of Binding         Hex            60%        N/A       1%          3
 Vampiric Draining        Necr           70%        2d11      1%          3
 Freeze                   Ice            96%        1d10      2%          1
 Borgnjor's Vile Clutch   Necr/Erth      28%        N/A       4%          5
 Frozen Ramparts          Ice            48%        1d8       6%          3
 Sting                    Conj/Alch      28%        1d4       8%          1
 Stone Arrow              Conj/Erth      42%        3d9       8%          3
 Mercury Vapours          Alch/Air       14%        N/A       11%         2
 Hailstorm                Conj/Ice       15%        3d6       12%         3
 Vhi's Electric Charge    Tloc/Air       54%        N/A       17%         4
 Summon Mana Viper        Hex/Summ       36%        N/A       26%         5
 Summon Forest            Summ/Tloc      13%        N/A       43%         5
 Ignite Poison            Fire/Alch      7%         N/A       58%         4
 Olgreb's Toxic Radiance  Alch           7%         N/A       58%         4
 Sticky Flame             Fire/Alch      7%         2d4       58%         4
 Summon Blazeheart Golem  Fire/Summ      7%         N/A       58%         4
 Alistair's Intoxication  Alch           4%         N/A       90%         5
 Arcjolt                  Conj/Air       3%         1d13      90%         5
 Dispersal                Tloc           23%        N/A       54%         6
 Borgnjor's Revivificati  Necr           35%        N/A       93%         8
 Haunt                    Necr/Summ      22%        N/A       99%         7
 Eringya's Noxious Bog    Alch           3%         4d6       100%        6
 Summon Cactus Giant      Summ           3%         N/A       100%        6
 Orb of Destruction       Conj           3%         9d5       100%        7
 Spellforged Servitor     Conj/Summ      3%         N/A       100%        7
 Disjunction              Tloc           23%        N/A       100%        8
 Ignition                 Fire           3%         3d4       100%        8
 Lehudib's Crystal Spear  Conj/Erth      10%        10d4      100%        8
 Maxwell's Capacitive Co  Air            3%         ∞         100%        8
 Death's Door             Necr           35%        N/A       100%        9
 Animate Dead             Necr           Unusable   N/A       N/A         4
 Animate Armour           Summ/Erth      Unusable   N/A       N/A         4

Dungeon Overview and Level Annotations

Branches:
Dungeon (15/15)            Temple (1/1) D:4            Lair (5/5) D:9
 Shoals (4/4) Lair:2        Snake (0/4) Lair:3        Slime (0/5) Lair:4
    Orc (2/2) D:9             Elf (0/3) Orc:2        Vaults (0/5) D:13
 Depths (0/4) D:15        Ossuary (visited)         Volcano (visited)
Gauntlet (visited)

Altars:
Ashenzari
Cheibriados
Dithmenos
Elyvilon
Fedhas
Gozag
Hepliaklqana
Kikubaaqudgha
Makhleb
Nemelex Xobeh
Okawaru
Qazlal
Ru
Sif Muna
Trog
Uskayaw
Vehumet
Wu Jian
Xom
Yredelemnul
Zin
The Shining One

Shops:
D:7 *   D:8 ?   D:11 :   Orc:2 :?*?*   Shoals:1 ?!(

Annotations:
D:7 exclusion: downstairs
D:14 2 transporters, unrecovered's ghost, adept GnWr
Lair:1 1 runed translucent door, Mesiumm's ghost, journeyman DsGl
Lair:4 exclusion: downstairs
Shoals:1 1 runed translucent door, 1 exclusion, Eugor's ghost, journeyman DECj
Shoals:2 Nikola


Innate Abilities, Weirdness & Mutations

You are a creature with a mouth for a stomach.
Your midsection houses a second, enormous mouth.
You cannot wear most types of armour.
You are amphibious.
You can wear up to eight rings at the same time.
Your skin changes colour to match your surroundings (Stealth+).
Your rubbery body absorbs attacks. (AC +1, EV +1)
((You are camouflaged when in or above water. (Stealth+)))
You have tentacles for arms and can constrict up to eight enemies at once.


Message History

The merfolk throws a boomerang.
The boomerang misses you.
The satyr shoots an arrow.
The arrow hits you!!
The merfolk throws a boomerang.
The boomerang completely misses you.
The satyr is distracted by your dazzling golden aura.
The merfolk throws a boomerang.
The boomerang hits you!
The merfolk throws a boomerang.
You block the boomerang.
The merfolk throws a boomerang.
You block the boomerang. The harpy misses you. The harpy barely misses you.
The harpy completely misses you. The harpy closely misses you.
The merfolk throws a boomerang.
The boomerang hits you. The merfolk attacks as it pursues you!
The merfolk barely misses you.
The merfolk throws a boomerang.
The boomerang misses you.
The merfolk throws a boomerang.
The boomerang hits you!
The merfolk is distracted by your dazzling golden aura.
You cannot move closer to the satyr!
The satyr is no longer distracted by gold.
The harpy is distracted by your dazzling golden aura.
The merfolk throws a boomerang.
The boomerang hits you!
The merfolk is no longer distracted by gold.
The merfolk attacks as it pursues you!
The merfolk hits you from afar with a +0 glaive.
* * * LOW HITPOINT WARNING * * *
As you read the scroll of fear, it crumbles to dust.
You assume a fearsome visage.
The harpy looks frightened!
The satyr resists with some effort.
The merfolk looks frightened! x3
The harpy is no longer distracted by gold.
The satyr shoots an arrow.
The arrow hits you!
* * * LOW HITPOINT WARNING * * *
The satyr shoots an arrow.
The arrow misses you.
The merfolk gibbers meaninglessly.
You see here 8 gold pieces.
The satyr shoots an arrow.
The arrow hits you!
* * * LOW HITPOINT WARNING * * *
You feel much better.
The satyr shoots an arrow.
You block the arrow.
You are no longer terrified.
A harpy comes into view.
There is a stone staircase leading up, spattered with blood here.
The satyr shoots an arrow.
The arrow hits you!!!
You die...
Your body crumbles into a pile of gold.

≈≈≈≈≈≈≈≈≈≈≈≈≈≈≈≈≈≈≈≈≈≈≈
X≈≈≈≈≈≈≈≈≈≈≈≈≈≈≈≈≈≈≈≈≈≈≈
≈≈≈≈≈≈≈≈≈≈≈≈≈≈≈≈≈≈≈≈≈≈≈≈
≈≈≈≈≈≈≈≈≈≈≈≈≈≈≈≈≈≈≈≈≈≈≈≈
≈≈≈≈≈≈≈≈≈≈≈≈≈≈≈≈≈≈≈≈≈≈≈≈
≈≈≈≈≈≈≈≈≈≈≈~~~~~~~~~~~~~
≈≈≈≈≈≈≈≈≈≈~~~..$........
≈≈≈≈≈≈≈$≈~~~Pc...PP....P
≈≈≈≈≈≈≈≈~~~...#.W$.P..P.
≈≈≈≈≈≈≈~~~~...#.........
≈≈≈≈≈≈≈~~~~..PP$.....H.<
≈≈≈≈≈≈≈~~~~~.$.....#+#..
≈≈≈≈≈≈≈~~~~~$$...$## ~
≈≈≈≈≈≈≈~~~~~~~~~~~.c
≈≈≈≈≈≈≈~~~~.#.#[..#.
≈≈≈≈≈≈~~~####.#..#.c
≈≈≈≈≈~~## ..... .#


You could see a satyr and a harpy (wandering).

Vanquished Creatures
  Jorgrun (D:14)
  Polyphemus (Shoals:3)
  A fenstrider witch (Shoals:1)
  The ghost of jejorda2 the Metamorph, a journeyman DrBe of Trog (D:12)
  A minotaur (Gauntlet)
  An ettin (Orc:1)
  8 merfolk impalers
  2 fire dragons
  Fannar (D:12)
  9 hydras
  An ice dragon (D:15)
  Erolcha (D:12)
  2 catoblepae
  4 merfolk avatars
  5 two-headed ogres
  Erica (Lair:2)
  2 death knights
  A dancing weapon (D:12)
  An alligator snapping turtle (Shoals:3)
  2 merfolk aquamancers
  7 centaur warriors
  A tengu warrior (D:14)
  Urug (D:12)
  7 boulder beetles
  4 death yaks (Shoals:3)
  2 fire crabs
  6 sea snakes
  4 skysharks
  8 skeletal warriors
  Lodul (D:14)
  2 arcanists
  7 orc knights
  A harpy (shapeshifter) (D:9)
  A necromancer (D:13)
  19 harpies
  7 fauns
  A deep elf pyromancer (D:12)
  A phantasmal warrior (D:14)
  3 oklob plants
  10 manticores
  7 ugly things
  An orc sorcerer (Orc:2)
  24 elephants
  A meliai (D:14)
  5 cyclopes
  10 merfolk sirens
  6 black mambas
  3 kobold blastminers
  Joseph (D:7)
  7 water nymphs
  4 torpor snails
  14 cane toads
  Maggie (D:7)
  2 rime drakes (Lair:4)
  An efreet (D:15)
  2 freezing wraiths (D:14)
  5 komodo dragons
  An unseen horror (D:11)
  4 tengu conjurers
  9 trolls
  7 polar bears
  A queen bee (Lair:3)
  2 wind drakes (Shoals:4)
  The ghost of Strat the Trooper, an amateur MfAr (D:4)
  7 hornets
  27 merfolk
  18 blink frogs
  11 dream sheep
  9 snapping turtles
  4 slime creatures (D:14)
  A centaur simulacrum (D:14)
  2 vampires (D:10)
  2 shadows
  A spriggan (shapeshifter) (D:14)
  3 wyverns
  4 basilisks
  5 wraiths
  76 yaks
  5 water elementals
  14 spriggans (Lair:5)
  8 fire bats
  4 steam dragons
  A redback (D:13)
  3 wargs (Orc:2)
  8 vampire mosquitoes
  Menkaure (D:5)
  2 nagas (Lair:3)
  Edmund (D:4)
  2 hell hounds (Volcano)
  Duvessa (D:4)
  4 acid dragons
  19 water moccasins
  34 orc warriors
  2 laughing skulls
  4 black bears
  12 ogres
  An ice beast (D:7)
  7 boggarts
  31 wolves
  27 centaurs
  A phantom (D:5)
  5 kobold brigands
  10 bullfrogs
  3 gnoll sergeants
  2 scorpions
  7 wights
  Dowan (D:4)
  A burial acolyte (D:5)
  44 killer bees
  4 electric eels
  9 howler monkeys
  4 quasits (D:4)
  6 orc priests
  7 jellies
  6 hounds
  A sleepcap (D:7)
  2 iguanas
  Jessica (D:2)
  Natasha (thrice) (D:4)
  8 orc wizards
  4 hound zombies
  A hound skeleton (D:4)
  9 adders
  9 gnolls
  7 shadow imps
  2 white imps (D:5)
  3 adder zombies (D:4)
  An adder skeleton (D:4)
  3 ribbon worms
  47 orcs
  4 ball pythons
  4 bats
  10 endoplasms
  A giant cockroach (D:4)
  6 goblins
  4 hobgoblins
  2 jackals (D:2)
  6 quokkas
  8 frilled lizards
  3 gnoll zombies
  24 kobolds
  3 kobold zombies (D:5)
  3 rats
908 creatures vanquished.

Vanquished Creatures (collateral kills)
  Mlioglotl (Shoals:2)
  Ilsuiw (Shoals:2)
  3 merfolk sirens (Shoals:2)
5 creatures vanquished.

Vanquished Creatures (others)
  A water elemental (Shoals:1)
1 creature vanquished.

Grand Total: 914 creatures vanquished

Notes
Turn   | Place    | Note
-------+----------+-------------------------------------------
     0 | D:1      | ragingrage the Octopode Hunter began the quest for the Orb.
     0 | D:1      | Reached XP level 1. HP: 14/14 MP: 1/1
     2 | D:1      | Noticed a naga
     2 | D:1      | Noticed a draconian
     4 | D:1      | Noticed an octopode
     4 | D:1      | Noticed an elf
     6 | D:1      | Noticed a human
     8 | D:1      | Noticed a ghoul
     8 | D:1      | Noticed a barachi
    10 | D:1      | Noticed a gargoyle
    10 | D:1      | Noticed a demigod
    12 | D:1      | Noticed a demonspawn
    12 | D:1      | Noticed a minotaur
    14 | D:1      | Noticed a djinni
    16 | D:1      | Noticed a merfolk
    18 | D:1      | Noticed an armataur
    18 | D:1      | Noticed a vine stalker
    20 | D:1      | Noticed a formicid
    20 | D:1      | Noticed a spriggan
    22 | D:1      | Noticed a troll
    24 | D:1      | Noticed a felid
    24 | D:1      | Noticed an oni
    26 | D:1      | Noticed a tengu
    26 | D:1      | Noticed a vampire
   229 | D:1      | Reached XP level 2. HP: 19/19 MP: 2/2
   851 | D:2      | Reached XP level 3. HP: 6/24 MP: 3/3
   979 | D:2      | Noticed Jessica
  1118 | D:2      | Killed Jessica
  1119 | D:2      | Reached skill level 5 in Ranged Weapons
  1119 | D:2      | Reached XP level 4. HP: 29/29 MP: 4/4
  1924 | D:3      | Reached XP level 5. HP: 26/34 MP: 5/5
  2547 | D:4      | Found a shimmering blue altar of Sif Muna.
  2556 | D:4      | Noticed a steam dragon
  2558 | D:4      | Found a transporter.
  2620 | D:4      | Reached skill level 1 in Short Blades
  2641 | D:4      | Found a burning altar of Makhleb.
  2758 | D:4      | Found a white marble altar of Elyvilon.
  2829 | D:4      | Noticed Edmund
  2846 | D:4      | Found a shimmering altar of Xom.
  2887 | D:4      | Found an ornate altar of the Wu Jian Council.
  2887 | D:4      | Noticed Natasha
  2893 | D:4      | Killed Natasha
  2894 | D:4      | Reached XP level 6. HP: 39/39 MP: 6/6
  2909 | D:4      | Noticed Natasha
  2916 | D:4      | Killed Natasha
  2953 | D:4      | Killed Edmund
  3036 | D:4      | Found a glowing silver altar of Zin.
  3088 | D:4      | Found a sand-covered staircase.
  3099 | Ossuary  | Entered an ossuary
  3171 | D:4      | Noticed Duvessa
  3202 | D:4      | Noticed Natasha
  3210 | D:4      | Killed Natasha
  3211 | D:4      | Reached skill level 5 in Short Blades
  3211 | D:4      | Reached XP level 7. HP: 37/45 MP: 7/7
  3300 | D:4      | Noticed Dowan
  3314 | D:4      | Found an iron altar of Okawaru.
  3579 | D:4      | Killed a steam dragon
  3661 | D:4      | Found a bloodstained altar of Trog.
  3697 | D:4      | Found a staircase to the Ecumenical Temple.
  3719 | Temple   | Entered the Ecumenical Temple
  3840 | D:4      | Found a transporter.
  3889 | D:5      | Entered Level 5 of the Dungeon
  3955 | D:5      | Found an ancient bone altar of Kikubaaqudgha.
  4150 | D:5      | Reached XP level 8. HP: 52/52 MP: 8/8
  4215 | D:5      | Noticed Menkaure
  4975 | D:5      | Found a hazy altar of Hepliaklqana.
  5746 | D:5      | Killed Menkaure
  5785 | D:6      | Identified the +3 scale mail of Wuurph {rPois rF+ SInv}
  6064 | D:6      | Reached skill level 1 in Evocations
  6108 | D:6      | Found a stormy altar of Qazlal.
  6155 | D:6      | Found a shadowy altar of Dithmenos.
  6581 | D:7      | Noticed Joseph
  6586 | D:7      | Killed Joseph
  6587 | D:7      | Reached XP level 9. HP: 58/58 MP: 9/9
  6618 | D:7      | Noticed Maggie
  6629 | D:7      | Killed Maggie
  6630 | D:7      | Reached skill level 10 in Short Blades
  6838 | D:7      | Learned a level 3 spell: Confusing Touch
  6908 | D:7      | Reached skill level 1 in Hexes
  7052 | D:7      | Found Niumm's Needful Niceties.
  7109 | D:7      | Bought a scroll of noise for 13 gold pieces
  7635 | D:8      | Reached skill level 5 in Fighting
  7877 | D:4      | Noticed Strat's ghost (amateur MfAr)
  7884 | D:4      | Killed Duvessa
  7895 | D:4      | Killed Dowan
  8241 | D:8      | Noticed a skeletal warrior
  8737 | D:8      | Reached XP level 10. HP: 67/67 MP: 10/10
  8769 | D:8      | Reached skill level 5 in Dodging
  8769 | D:8      | Reached skill level 5 in Hexes
  9059 | D:8      | Found Fadie's Magic Scroll Emporium.
  9062 | D:8      | Bought a scroll of poison for 56 gold pieces
  9083 | D:8      | Noticed a skeletal warrior
  9334 | D:9      | Identified the +1 pair of gloves of Conscience {MP+9 Str+3}
  9811 | D:9      | Noticed a two-headed ogre
 10005 | D:9      | Found a staircase to the Orcish Mines.
 10020 | D:9      | Reached skill level 1 in Long Blades
 10280 | D:9      | Noticed a cyan ugly thing
 10405 | D:9      | Noticed a two-headed ogre
 10408 | D:9      | Killed a two-headed ogre
 10578 | D:9      | Noticed a white ugly thing
 10616 | D:9      | Reached XP level 11. HP: 61/77 MP: 7/11
 10631 | D:9      | a rime drake changed into a harpy
 10631 | D:9      | Noticed a harpy (shapeshifter)
 10634 | D:9      | Killed a harpy
 10635 | D:9      | Reached skill level 10 in Hexes
 11013 | D:9      | Identified the +0 chain mail of Vlad {rC+ rN+ Regen+ Dex+2}
 11209 | D:9      | Identified the +7 orcbow of Impatience {drain, SInv}
 11211 | D:9      | Noticed a centaur warrior
 11238 | D:9      | Killed a centaur warrior
 11239 | D:9      | Reached skill level 5 in Long Blades
 11827 | D:9      | Killed a two-headed ogre
 12741 | D:9      | Identified the +3 robe "Konudihu" {+Inv}
 13024 | D:9      | Found a glowing golden altar of the Shining One.
 13332 | D:8      | Noticed a skeletal warrior
 13401 | D:9      | Found a staircase to the Lair.
 13457 | D:9      | Killed a cyan ugly thing
 13484 | D:10     | Entered Level 10 of the Dungeon
 13527 | D:10     | Found a sparkling altar of Nemelex Xobeh.
 13527 | D:10     | Found an opulent altar of Gozag.
 13533 | D:10     | Became a worshipper of Gozag Ym Sagoz the Greedy
 14144 | D:9      | HP: 4/81 [white ugly thing (24)]
 14148 | D:9      | Killed a white ugly thing
 14149 | D:9      | Reached skill level 10 in Fighting
 14149 | D:9      | Reached skill level 1 in Spellcasting
 14654 | D:9      | Learned a level 2 spell: Ensorcelled Hibernation
 14658 | D:9      | Learned a level 3 spell: Swiftness
 14662 | D:9      | Learned a level 3 spell: Passwall
 14985 | D:10     | Reached skill level 1 in Earth Magic
 15047 | D:10     | Noticed a +0 spear
 15047 | D:10     | Noticed a +0 falchion
 15047 | D:10     | Noticed a +0 dagger
 15048 | D:10     | Noticed a +0 short sword
 15048 | D:10     | Noticed a +0 dagger
 15048 | D:10     | Noticed a +0 spear
 15058 | D:10     | Found a hide-covered altar of Uskayaw.
 15060 | D:10     | Noticed a +0 short sword
 15062 | D:10     | Noticed a +0 falchion
 15214 | D:10     | Reached XP level 12. HP: 87/87 MP: 13/15
 15382 | D:11     | Identified the +0 helmet "Vuizatt" {rF++ Str-3 SInv Stlth+}
 15393 | D:11     | You fall into a shaft and drop 3 floors!
 15504 | D:14     | Noticed a death knight
 15548 | D:14     | Noticed Jorgrun
 15577 | D:14     | Found a transporter.
 15753 | D:13     | Noticed a boulder beetle
 15754 | D:12     | Noticed a boulder beetle
 15766 | D:12     | Killed a boulder beetle
 15850 | D:12     | Noticed a boulder beetle
 15866 | D:12     | Killed a boulder beetle
 15942 | D:11     | Found Jewniom's Vocational Training.
 16258 | D:11     | Reached skill level 5 in Earth Magic
 16568 | D:12     | Noticed a boulder beetle
 16691 | Lair:1   | Entered Level 1 of the Lair of Beasts
 16691 | Lair:1   | Found a gate leading to a gauntlet.
 16774 | Gauntlet | Entered a Gauntlet
 16774 | Gauntlet | Found a transporter.
 16774 | Gauntlet | Found a runed translucent gate.
 16774 | Gauntlet | Found a runed translucent gate.
 16778 | Gauntlet | Found a runed translucent gate.
 16781 | Gauntlet | Found a transporter.
 16784 | Gauntlet | Found a transporter.
 16795 | Gauntlet | Found a transporter.
 16798 | Gauntlet | Found a transporter.
 16804 | Gauntlet | Noticed a great orb of eyes
 16807 | Gauntlet | Found a transporter.
 16829 | Gauntlet | Found a transporter.
 16830 | Gauntlet | Found the +0 pair of fencer's gloves {Riposte Dex+3}
 16831 | Gauntlet | Noticed a reaper
 16842 | Gauntlet | Found a transporter.
 16850 | Gauntlet | Found a transporter.
 16853 | Gauntlet | Noticed a reaper
 16869 | Gauntlet | Found a transporter.
 16882 | Gauntlet | Found a transporter.
 16883 | Gauntlet | Found a transporter.
 16927 | Gauntlet | Noticed a green death
 16932 | Gauntlet | Found a transporter.
 16951 | Gauntlet | Found a transporter.
 16953 | Gauntlet | Found a runed translucent door.
 16998 | Gauntlet | Noticed a catoblepas
 17000 | Gauntlet | Found the macabre finger necklace {Finger+ rN+}
 17032 | Gauntlet | Reached skill level 1 in Ice Magic
 17339 | Gauntlet | Identified the ring "Hunaci" {Fire rN+}
 17353 | Gauntlet | Identified the ring of Fusuifri {Str+4 Int+6}
 17368 | Gauntlet | Identified the amulet of the Inquisitive Tales {Regen+
                  | Str+4}
 17368 | Gauntlet | Noticed a minotaur
 17378 | Gauntlet | Killed a minotaur
 17384 | Gauntlet | Identified the +0 scale mail of Protective Custody {rF++
                  | rN+}
 17891 | Lair:1   | Reached XP level 13. HP: 93/93 MP: 16/16
 18249 | Lair:1   | Found a runed translucent door.
 18249 | Lair:1   | Found a shimmering altar of Xom.
 18249 | Lair:1   | Noticed Mesiumm's ghost (journeyman DsGl)
 18563 | Lair:2   | Reached skill level 1 in Shapeshifting
 18657 | Lair:2   | Noticed Erica
 18671 | Lair:2   | Killed Erica
 19068 | Lair:2   | Found a staircase to the Shoals.
 19176 | Lair:2   | Found a blossoming altar of Fedhas.
 19640 | Lair:3   | Reached skill level 5 in Shapeshifting
 20587 | Lair:3   | Found a staircase to the Snake Pit.
 21184 | Lair:4   | Reached XP level 14. HP: 103/103 MP: 17/17
 21241 | Lair:3   | Reached skill level 10 in Long Blades
 21766 | Lair:4   | Found a staircase to the Slime Pits.
 22734 | Lair:5   | Entered Level 5 of the Lair of Beasts
 23396 | Lair:5   | Identified the ring "Vitockir" {+Blink Fly EV+5 Int+5}
 23777 | Lair:5   | Reached skill level 5 in Evocations
 24110 | Lair:5   | Reached skill level 10 in Shapeshifting
 24246 | Lair:5   | Reached XP level 15. HP: 108/108 MP: 18/18
 24736 | Lair:5   | Found a snail-covered altar of Cheibriados.
 25272 | Orc:1    | Entered Level 1 of the Orcish Mines
 25555 | Orc:1    | Found a dark tunnel.
 25568 | Volcano  | Entered a volcano
 26167 | Orc:2    | Entered Level 2 of the Orcish Mines
 26229 | Orc:2    | Found a staircase to the Elven Halls.
 26958 | Orc:2    | Found Arheax Cyetu's General Store.
 26962 | Orc:2    | Bought a scroll of identify for 30 gold pieces
 26962 | Orc:2    | Identified a scroll of acquirement
 26989 | Orc:2    | Found Cauqaerr's Assorted Antiques.
 26989 | Orc:2    | Found Kiyliemi's Magic Scroll Shoppe.
 26989 | Orc:2    | Found Sezxaec's Book Emporium.
 26992 | Orc:2    | Found Ducam's Magic Scroll Shop.
 26996 | Orc:2    | Bought a golden potion for 20 gold pieces
 26996 | Orc:2    | Bought a metallic cyan potion for 20 gold pieces
 27014 | Orc:2    | Acquired a +4 demon blade of pain
 27147 | D:7      | Bought a manual of Necromancy for 1040 gold pieces
 27422 | D:11     | Reached skill level 1 in Necromancy
 27635 | D:12     | Noticed Fannar
 27666 | D:12     | Killed Fannar
 27733 | D:12     | Noticed Urug
 27746 | D:12     | Killed Urug
 27763 | D:12     | Noticed Erolcha
 27780 | D:12     | Killed Erolcha
 27974 | D:12     | Found a runed translucent door.
 27974 | D:12     | Found a shimmering altar of Xom.
 27975 | D:12     | Noticed jejorda2's ghost (journeyman DrBe)
 28248 | D:13     | Noticed Nessos
 28249 | D:13     | Nessos changed into Nessos the redback
 28249 | D:13     | Noticed Nessos
 28252 | D:13     | Killed Nessos the redback
 28365 | D:13     | Reached skill level 10 in Dodging
 28440 | D:13     | Found a gate to the Vaults.
 28448 | D:13     | Reached skill level 5 in Necromancy
 29287 | D:14     | Reached XP level 16. HP: 114/114 MP: 22/22
 29627 | D:14     | Noticed Lodul
 29650 | D:14     | Killed Lodul
 29726 | D:14     | Found a transporter.
 29816 | D:14     | Noticed unrecovered's ghost (adept GnWr)
 30212 | D:4      | Killed Strat's ghost
 30424 | D:12     | Killed jejorda2's ghost
 30425 | D:12     | Reached skill level 10 in Necromancy
 30972 | D:14     | Killed Jorgrun
 31144 | D:15     | Entered Level 15 of the Dungeon
 31290 | D:15     | Learned a level 4 spell: Manifold Assault
 31451 | D:14     | Reached skill level 1 in Translocations
 31523 | D:15     | Learned a level 6 spell: Death Channel
 31563 | D:15     | Found the +8 lance "Wyrmbane" {slay drac, rPois rF+ rC+
                  | AC+3}
 31627 | D:15     | Found a staircase to the Depths.
 31898 | D:15     | Found a white marble altar of Elyvilon.
 31929 | D:15     | Found a snail-covered altar of Cheibriados.
 32939 | D:11     | Bought a manual of Evocations for 1280 gold pieces
 33208 | Shoals:1 | Entered Level 1 of the Shoals
 33246 | Shoals:1 | Reached skill level 5 in Spellcasting
 33247 | Shoals:1 | Reached skill level 1 in Polearms
 33351 | Shoals:1 | Found Duumun's Magic Scroll Shoppe.
 33374 | Shoals:1 | Found Atuuxu's Distillery.
 33385 | Shoals:1 | Bought a potion of haste for 180 gold pieces
 33455 | Shoals:1 | Found a flickering gateway to a bazaar.
 33487 | Bazaar   | Entered a bazaar
 33490 | Bazaar   | Found Ysijionk's Armour Shop.
 33500 | Bazaar   | Found Dittyr's Weapon Shop.
 33559 | Bazaar   | Found Senkius's Armour Boutique.
 33590 | Bazaar   | Found Curawn's Distillery.
 33596 | Bazaar   | Bought a potion of haste for 100 gold pieces
 33596 | Bazaar   | Bought a potion of mutation for 80 gold pieces
 33596 | Bazaar   | Bought a potion of magic for 80 gold pieces
 33596 | Bazaar   | Bought a potion of mutation for 80 gold pieces
 33596 | Bazaar   | Bought a potion of might for 40 gold pieces
 33596 | Bazaar   | Bought 2 potions of cancellation for 160 gold pieces
 33596 | Bazaar   | Bought a potion of lignification for 30 gold pieces
 33596 | Bazaar   | Bought a potion of berserk rage for 50 gold pieces
 33596 | Bazaar   | Bought a potion of brilliance for 40 gold pieces
 33864 | Shoals:1 | Found Meqilel's Weapon Emporium.
 33955 | Shoals:1 | Reached skill level 5 in Translocations
 33974 | Shoals:1 | Reached skill level 5 in Polearms
 34303 | Shoals:1 | Found a runed translucent door.
 34373 | Shoals:1 | Noticed a fenstrider witch
 34378 | Shoals:1 | Killed a fenstrider witch
 34599 | Shoals:1 | Noticed Eugor's ghost (journeyman DECj)
 34624 | Shoals:2 | Reached XP level 17. HP: 110/119 MP: 5/24
 34625 | Shoals:2 | Noticed Ilsuiw
 34639 | Shoals:2 | Noticed Mlioglotl
 34639 | Shoals:2 | Killed Ilsuiw
 34648 | Shoals:2 | Killed Mlioglotl
 34911 | Shoals:2 | Reached skill level 10 in Evocations
 35272 | Shoals:2 | Noticed a kraken
 36023 | Shoals:2 | Noticed Nikola
 37775 | Shoals:3 | Found a runed translucent door.
 37882 | Shoals:3 | Reached skill level 10 in Polearms
 37928 | Shoals:3 | Noticed Polyphemus
 37983 | Shoals:3 | Killed Polyphemus
 39074 | Shoals:4 | Entered Level 4 of the Shoals
 39218 | Shoals:4 | Reached skill level 1 in Shields
 39361 | Shoals:4 | Noticed a kraken
 39378 | Shoals:4 | Shot with an arrow by a satyr

Illustrated notes

Levels and vault maps discovered:
D:1:      kb_arrival_jail, layout_basic, minivault_24
D:2:      layout_basic, uniq_jessica
D:3:      layout_loops_ring
D:4:      layout_basic, pdpol_wu_jian_five_deadly_venoms,
          lemuel_coloured_pillars_altar,
          mainiacjoe_overflow_concentric_impassable,
          mainiacjoe_overflow_surrounded_room, mainiacjoe_overflow_catwalk,
          grunt_temple_overflow_open, amcnicky_altar_gilded,
          minmay_temple_entry_crystal_x, gammafunk_ghost_stat_death,
          mainiacjoe_ossuary_entry_find_the_door,
          hangedman_abyss_or_decor_slice, uniq_edmund, uniq_natasha,
          uniq_duvessa
D:5:      layout_gridville, nicolae_hepliaklqana_hazy_memory,
          regret_index_kikubaaqudgha_part_by_part, uniq_menkaure
D:6:      layout_basic, general_overflow_altar, grunt_qazlal_clouds
D:7:      layout_loops_ring, chequers_serial_rivers_large_a,
          nicolae_alphabet_shops, roderic_serpentine_path,
          serial_library_regret_index_multi, amcnicky_mini_rare_corridor_liquid,
          minmay_manual_mares, uniq_maggie, uniq_joseph
D:8:      layout_basic, serial_shops, shop, minmay_lizard_king
D:9:      minmay_the_grid_octo_tiled_octocenter [minmay_the_grid_octo_horde,
          minmay_the_grid_octo_fan_narrow, minmay_the_grid_octo_toaster,
          minmay_the_grid_octo_clover,
          minmay_the_grid_octo_prize_square_snowflake,
          minmay_the_grid_square_5x5_six_small,
          minmay_the_grid_square_5x5_checkered_statues,
          minmay_the_grid_square_5x5_checkered_sparse,
          minmay_the_grid_square_5x5_longway], layout_cave_pods,
          tso_oasis_becter, minmay_misc_feat_four_crosses
D:10:     layout_long_grid, grunt_temple_overflow_opulence,
          nicolae_uskayaw_en_pointe
D:11:     layout_basic, nicolae_shop_vocational
D:12:     layout_irregular_city, serial_bayou, serial_bayou_crossing,
          serial_bayou_pond_e, serial_bayou_pond_e, serial_bayou_lagoon_a,
          ebering_ghost_xom, uniq_fannar, uniq_erolcha, uniq_urug
D:13:     layout_loops_ring, david_vaults_1, uniq_nessos
D:14:     layout_cave_pods, serial_park_square3 [serial_park_minivault_5x5_7],
          gammafunk_ghost_mausoleum, uniq_lodul, uniq_jorgrun
D:15:     grunt_enter_depths_hoard, layout_basic, elyvilon_altar_1, slow_altar_1
Temple:   nicolae_temple_bog_church
Lair:1:   layout_cellular_growth, ebering_ghost_xom, gauntlet_entry_generic,
          grunt_forest_large_clearings, serial_bayou_shore_a
Lair:2:   layout_long_grid, nicolae_shoals_entry_roost, hangedman_tree_tricks,
          wad_woods_road_03, lemuel_old_faithful, lemuel_fruit_fields,
          uniq_erica
Lair:3:   layout_roguey [special_room_bee], guppyfry_snake_entry_island,
          minmay_lair_oklob_bushes
Lair:4:   layout_cave_pods, nicolae_slime_entry_slimehenge, lemuel_fruit_tree,
          grunt_megastairs_3
Lair:5:   minmay_lair_end_enchanted_forest, layout_cave_pods,
          kennysheep_snail_temple
Shoals:1: layout_shoals, serial_shops, bzr_in_the_mist, nicolae_lakefront_shop,
          nicolae_shop_rolled_up, nicolae_shop_just_a_little_nook,
          ebering_ghost_reflecting_pool,
          nicolae_shoals_beach_house_on_fowls_legs
Shoals:2: layout_shoals, uniq_mlioglotl, uniq_nikola, uniq_ilsuiw
Shoals:3: layout_shoals, lightli_airlock, nicolae_shoals_former_cling_halls,
          uniq_polyphemus
Shoals:4: shoals_end_hellmonk_lost_city, serial_shops
Orc:1:    layout_caves, nicolae_volcano_entry_batcave
Orc:2:    st_orc_rangers, layout_caves, serial_shops,
          nicolae_shop_back_alley_shop, basic_altar

Skill      XL: |  1  2  3  4  5  6  7  8  9 10 11 12 13 14 15 16 17 |
---------------+----------------------------------------------------+-----
Stealth        | 2 3 4 |  4.0
Ranged Weapons | 5 8 |  8.0
Short Blades   | 3 5 6 9 10 | 10.0
Fighting       | 3 4 5 7 10 12 | 12.0
Dodging        | 3 4 5 10 | 10.0
Evocations     | 1 4 5 6 8 13 | 13.8
Hexes          | 4 9 10 | 10.0
Long Blades    | 3 7 8 9 12 | 12.6
Spellcasting   | 2 4 5 |  5.0
Earth Magic    | 1 5 |  5.0
Ice Magic      | 3 |  3.0
Shapeshifting  | 7 10 | 10.0
Necromancy     | 7 13 | 13.0
Translocations | 5 7 |  7.0
Polearms       | 5 11 | 11.5
Shields        | 1 |  1.2

Action                     |  1- 3 |  4- 6 |  7- 9 | 10-12 | 13-15 | 16-18 || total
---------------------------+-------+-------+-------+-------+-------+-------++-------
  Melee: Short sword       |    17 |     7 |       |       |       |       ||    24
         Constrict         |     4 |    26 |    33 |    64 |    94 |    65 ||   286
         Tentacles         |     2 |    23 |    68 |   178 |   273 |   111 ||   655
         Dagger            |       |    62 |   220 |   471 |   656 |       ||  1409
         Punch             |       |     1 |     4 |     7 |    15 |     8 ||    35
         Scimitar          |       |       |       |       |    13 |     5 ||    18
         Maw               |       |       |       |       |    89 |   149 ||   238
         Demon blade       |       |       |       |       |    54 |   500 ||   554
         Lance             |       |       |       |       |       |    20 ||    20
   Fire: Shortbow          |    64 |    50 |    56 |       |       |       ||   170
         Orcbow            |       |       |    14 |   199 |   791 |   224 ||  1228
  Throw: Dart              |       |       |       |     4 |       |       ||     4
   Cast: Confusing Touch   |       |       |       |    11 |     4 |       ||    15
         Manifold Assault  |       |       |       |       |       |   115 ||   115
         Death Channel     |       |       |       |       |       |     2 ||     2
 Invoke: Potion Petition   |       |       |       |     1 |       |       ||     1
  Evoke: Wand              |       |       |     5 |     4 |    16 |     3 ||    28
    Use: Scroll            |     1 |     6 |     2 |     9 |     9 |     9 ||    36
         Potion            |       |     1 |       |     1 |       |     1 ||     3
   Stab: Sleeping          |       |    11 |    13 |     5 |     7 |     7 ||    43
         Confused          |       |       |       |     9 |     7 |       ||    16
         Distracted        |       |       |       |     3 |     6 |     4 ||    13
         Paralysed         |       |       |       |     1 |     1 |       ||     2
 Armour: Skin              |    16 |    36 |    79 |   200 |   410 |   145 ||   886
  Dodge: Dodged            |    19 |    41 |    98 |   240 |   756 |   345 ||  1499
  Block: Buckler           |       |       |       |       |       |    11 ||    11
   Form: Maw               |       |       |       |       |     1 |       ||     1
